 Dungeon Crawl Stone Soup version 0.26-a0-849-gf1512cd430 (webtiles) character file.

Game seed: 18173799683103207365

43 Descartes the Sneak (level 3, 0/25 HPs)
             Began as a Felid Delver on Nov 20, 2020.
             Succumbed to a scorpion's poison
             ... on level 5 of the Dungeon.
             The game lasted 00:02:16 (420 turns).

Descartes the Sneak (Felid Delver)                   Turns: 420, Time: 00:02:16

Health: 0/25       AC: 21    Str:  9    XL:     3   Next: 37%
Magic:  4/4        EV:  4    Int: 11    God:
Gold:   0          SH:  0    Dex: 17    Spells: 2/2 levels left
                                        Lives:  0   Deaths: 0

rFire    . . .     SeeInvis +     - Unarmed
rCold    . . .     Faith    .   (shield unavailable)
rNeg     + + +     Spirit   .   (armour unavailable)
rPois    +         Reflect  .   (helmet unavailable)
rElec    .         Harm     .   (cloak unavailable)
rCorr    .         Rampage  .   (gloves unavailable)
MR       .....     NoTele   +   (boots unavailable)
Stlth    ++++......             (no amulet)
HPRegen  0.08/turn              (no ring)
MPRegen  0.09/turn              (no ring)

@: lethally poisoned (0 -> -7), tree-form
A: very small, no armour, no weapons or thrown items, stealth, see invisible
a: no special abilities


You were on level 5 of the Dungeon.
You were a tree.
You visited 2 branches of the dungeon, and saw 2 of its levels.

Inventory:

Wands
 e - a wand of digging (3)
 f - a wand of enslavement (6)
 i - a wand of iceblast (8)
Scrolls
 a - a scroll of fog
 b - 2 scrolls of magic mapping
 c - a scroll of fear
 g - a scroll of identify {unknown}
 j - a scroll of immolation {unknown}
Potions
 d - a potion of haste


   Skills:
 - Level 3.0 Fighting
 + Level 4.1 Dodging
 + Level 7.4 Stealth
 - Level 2.0 Unarmed Combat
 + Level 0.0 Evocations


You had 2 spell levels left.
You didn't know any spells.
Your spell library was empty.

Dungeon Overview and Level Annotations

Branches:
Dungeon (5/15)             Temple (1/1) D:5

Altars:
Ashenzari
Cheibriados
Dithmenos
Elyvilon
Fedhas
Gozag
Hepliaklqana
Kikubaaqudgha
Makhleb
Nemelex Xobeh
Okawaru
Qazlal
Ru
Sif Muna
Trog
Uskayaw
Vehumet
Wu Jian
Yredelemnul
Zin
The Shining One


Innate Abilities, Weirdness & Mutations

You cannot wear armour.
You are incapable of wielding weapons or throwing items.
Your paws allow you to move quietly. (Stealth)
((You have sharp claws.))
((You have razor-sharp teeth.))
You have supernaturally acute eyesight. (SInv)
((You cover ground quickly.))
((You are covered in fur. (AC +1)))
((Your sharp claws are effective at attacking unaware monsters.))


Message History

Aim: a scorpion (moderately wounded, chance to defeat MR: 46%)
The scorpion is charmed.
* * * LOW HITPOINT WARNING * * *
You feel sick.
You swap places.
It was a potion of lignification.
You turn into a tree.
Your roots penetrate the ground.
* * * LOW HITPOINT WARNING * * *
You feel sick.
You cannot move.
You cannot move.
There is a lethal amount of poison in your body!
There is a lethal amount of poison in your body!
You cannot move.
You cannot move.
* * * LOW HITPOINT WARNING * * *
You feel sick.
* * * LOW HITPOINT WARNING * * *
You feel sick.
You die...

#.........s...#
#...........#
#..######.....#
##.....######
...######.....# #.##.##
..............# #.##.#
..########..#.####.##.#
#...........##.#
#.#........J##.#
#.#.#..####.##.#
#s#...>♣s.#.##.#
#.#.#.###.#.##.#
#.#.#.# #.#..J.#
#.#...# #.######
#.##### #.###### #.#
#......#
#.############.#
#..........# #.#
##########.# #.#


You could see a friendly scorpion (charmed).

Vanquished Creatures
  A hound (D:5)
  A hound skeleton (D:5)
2 creatures vanquished.

Notes
Turn   | Place    | Note
-------+----------+-------------------------------------------
     0 | D:5      | Descartes the Felid Delver began the quest for the Orb.
     0 | D:5      | Reached XP level 1. HP: 10/10 MP: 2/2
    25 | D:5      | Noticed a hound
    31 | D:5      | Killed a hound
    32 | D:5      | Reached skill level 7 in Stealth
    32 | D:5      | Reached XP level 2. HP: 14/14 MP: 3/3
    32 | D:5      | Reached XP level 3. HP: 17/17 MP: 4/4
    43 | D:5      | Found a staircase to the Ecumenical Temple.
    53 | Temple   | Entered the Ecumenical Temple
   284 | D:5      | Noticed a scorpion
   416 | D:5      | HP: 1/25 [poisoned by a scorpion]
   420 | D:5      | Succumbed to a scorpion's poison

Illustrated notes

Levels and vault maps discovered:
D:5:      layout_basic, minmay_temple_entry_junction
Temple:   compressed_dpeg_circular_temple

Skill      XL: |  1  2  3 |
---------------+----------+-----
Dodging        | 3 4 |  4.1
Stealth        | 7 |  7.4
Fighting       | |  3.0
Unarmed Combat | |  2.0

Action                   || total
-------------------------++-------
Melee: Unarmed           ||     6
       Bite              ||     2
Evoke: Wand              ||     1
  Use: Potion            ||     1
 Stab: Sleeping          ||     2
Dodge: Dodged            ||     2

Table legend: (Time is in decaauts)
 A = Elapsed time spent in this place.
 B = Non-inter-level travel time spent in this place.
 C = Inter-level travel time spent in this place.
 D = Time resting spent in this place.
 E = Time spent auto-exploring this place.
 F = Levels seen in this place.
 G = Mean time per level.
                   A        B        C        D        E       F      G
               +--------+--------+--------+--------+--------+-----+--------+
         Total |    340 |    334 |      6 |      0 |    124 |   2 |  170.0 |
       Dungeon |    253 |    253 |      0 |      0 |     45 |   1 |  253.0 |
        Temple |     87 |     81 |      6 |      0 |     79 |   1 |   87.0 |
               +--------+--------+--------+--------+--------+-----+--------+

Top non-repeatable levels by time:
     D:5: 253 daAuts
  Temple: 87 daAuts
